 Dungeon Crawl Stone Soup version 0.31.0-32-g396128a36d (webtiles) character file.

Game seed: 10448371689040574487

261 mparten the Chopper (level 5, -3/48 HPs)
             Began as a Minotaur Berserker on Mar 31, 2024.
             Was a Priest of Trog.
             Slain by a kobold brigand
             ... wielding a +0 club
              (7 damage)
             ... in a sewer.
             The game lasted 00:03:43 (1677 turns).

mparten the Chopper (Minotaur Berserker)            Turns: 1677, Time: 00:03:43

Health: -3/48      AC:  3    Str: 24    XL:     5   Next: 96%
Magic:  4/4        EV: 11    Int:  4    God:    Trog [***...]
Gold:   208        SH:  0    Dex:  9    Spells: 4/4 levels left

rFire   . . .        a - +0 hand axe
rCold   . . .        (no shield)
rNeg    . . .        f - +0 leather armour
rPois   .            (helmet restricted)
rElec   .            (no cloak)
rCorr   .            (no gloves)
SInv    .            (no boots)
Will    .....        (no amulet)
Stlth   +            (no ring)
HPRegen 0.28/turn    (no ring)
MPRegen 0.09/turn

%: no passive effects
@: very slow
A: horns 2, retaliatory headbutt
a: Renounce Religion, Berserk, Trog's Hand


You were in a sewer.
You worshipped Trog.
Trog was most pleased with you.
You visited 1 branch of the dungeon, and saw 3 of its levels.
You also visited: Sewer.

You collected 208 gold pieces.

Inventory:

Hand Weapons
 a - a +0 hand axe (weapon)
Armour
 f - a +0 leather armour (worn)
Scrolls
 c - a scroll of immolation {unknown}
 e - 2 scrolls of identify {unknown}
 h - a scroll of noise {unknown}
 k - 2 scrolls of teleportation {unknown}
 l - a scroll of enchant armour {unknown}
Potions
 b - a potion of curing
 d - a potion of mutation {unknown}
 g - a potion of heal wounds {unknown}
 i - 2 potions of invisibility {unknown}
 j - a potion of berserk rage {unknown}
 m - a potion of magic {unknown}


   Skills:
 + Level 5.0 Fighting
 * Level 6.3 Axes
 + Level 4.2 Armour
 - Level 2.1 Dodging


You had 4 spell levels left.
You didn't know any spells.
Your spell library was empty.

Dungeon Overview and Level Annotations

Branches:
Dungeon (3/15)              Sewer (1/1)

Altars:
Makhleb
Nemelex Xobeh


Innate Abilities, Weirdness & Mutations

You have a pair of horns on your head.
You reflexively headbutt those who attack you in melee.


Message History

Your unstable footing causes you to fumble your attack.
The kobold brigand misses you.
You hit the kobold brigand but do no damage.
The kobold brigand is lightly wounded.
The kobold brigand barely misses you.
You hit the kobold brigand.
Your headbutt misses the kobold brigand.
The kobold brigand is moderately wounded.
The kobold brigand misses you.
You hit the kobold brigand.
The kobold brigand is heavily wounded.
The kobold brigand hits you with a +0 club!
* * * LOW HITPOINT WARNING * * *
You take 7 damage, and have 2/48 hp.
It was a potion of curing.
You feel better. The kobold brigand barely misses you.
You regained 7 hp, and now have 9/48 hp.
You hit the kobold brigand but do no damage.
Your headbutt misses the kobold brigand.
The kobold brigand is heavily wounded.
The kobold brigand splashes around in the water.
You hit the kobold brigand.
Your headbutt misses the kobold brigand.
The kobold brigand is heavily wounded.
The kobold brigand splashes around in the water.
You completely miss the kobold brigand.
The kobold brigand is heavily wounded.
The kobold brigand hits you with a +0 club.
* * * LOW HITPOINT WARNING * * *
You take 2 damage, and have 8/48 hp.
You hit the kobold brigand.
Your headbutt misses the kobold brigand.
The kobold brigand is severely wounded.
The kobold brigand hits you with a +0 club.
* * * LOW HITPOINT WARNING * * *
You take 4 damage, and have 4/48 hp.
You closely miss the kobold brigand.
The kobold brigand is severely wounded.
The kobold brigand hits you with a +0 club!
You die...

~. #≈# #≈# #≈ #≈# #≈# #
#≈# #≈# ##≈ ##≈## ##≈#
##.~~ ##~~.## ##~~.
#~~~.~####~....#####.~..
#.....K@~~~~..~≈≈≈≈≈~~∩~
#.....####..~..#####~..∩
##..~ ##~..## ##~.. ##.
##~## ##~# # #~# #~# #~#
#†# ##~## ##~# ##...##
##.~. #..~..#####....


You could see a kobold brigand.

Vanquished Creatures
  A kobold brigand (Sewer)
  Terence (D:2)
  Jessica (D:2)
  A gnoll (D:1)
  6 adders
  3 river rats
  2 ribbon worms
  An orc (D:3)
  4 ball pythons
  3 endoplasms
  6 giant cockroaches
  5 goblins
  2 hobgoblins
  2 jackals (D:3)
  2 quokkas (D:2)
  3 bats
  A frilled lizard (D:3)
  6 kobolds
  6 rats
56 creatures vanquished.

Notes
Turn   | Place    | Note
-------+----------+-------------------------------------------
     0 | D:1      | mparten the Minotaur Berserker began the quest for the Orb.
     0 | D:1      | Reached XP level 1. HP: 19/19 MP: 0/0
    85 | D:1      | You fall into a shaft and drop 1 floor!
   141 | D:2      | Reached skill level 4 in Axes
   154 | D:2      | Reached XP level 2. HP: 27/27 MP: 1/1
   600 | D:1      | Reached XP level 3. HP: 33/33 MP: 2/2
   745 | D:1      | Reached ** piety under Trog
   955 | D:2      | Noticed Jessica
   956 | D:2      | Killed Jessica
   957 | D:2      | Reached skill level 5 in Axes
   957 | D:2      | Reached XP level 4. HP: 40/40 MP: 3/3
  1060 | D:2      | Noticed Terence
  1068 | D:2      | Killed Terence
  1248 | D:3      | Found a burning altar of Makhleb.
  1402 | D:3      | Found a sparkling altar of Nemelex Xobeh.
  1456 | D:3      | Reached XP level 5. HP: 44/47 MP: 4/4
  1483 | D:3      | Found a glowing drain.
  1488 | Sewer    | Entered a sewer
  1661 | Sewer    | Reached *** piety under Trog
  1662 | Sewer    | Reached skill level 5 in Fighting
  1662 | Sewer    | Reached skill level 6 in Axes
  1671 | Sewer    | HP: 2/48 [kobold brigand/+0 club (7)]
  1677 | Sewer    | Slain by a kobold brigand

Illustrated notes

Levels and vault maps discovered:
D:1:      moated_graveyard_arrival, layout_basic
D:2:      layout_basic, minmay_pentomino_pile, uniq_terence, uniq_jessica
D:3:      layout_basic, mainiacjoe_overflow_cross_hatched,
          nicolae_ru_sacrificial_ziggurat, nemelex_dance_club_becter,
          mainiacjoe_sewer_entry_somewhere_in_here_1, nicolae_figureground_pulse
Sewer:    sewer_co_15_rooms

Skill      XL: |  1  2  3  4  5 |
---------------+----------------+-----
Axes           | 4 5 6 |  6.3
Fighting       | 4 5 |  5.0
Armour         | 3 4 |  4.2
Dodging        | |  2.1

Action                     |  1- 3 |  4- 6 || total
---------------------------+-------+-------++-------
  Melee: Hand axe          |    48 |   110 ||   158
         Headbutt          |    10 |    11 ||    21
         Punch             |     1 |     1 ||     2
    Use: Potion            |       |     1 ||     1
 Armour: Animal skin       |     6 |       ||     6
         Leather armour    |    17 |    53 ||    70
  Dodge: Dodged            |    28 |    57 ||    85
